 Dungeon Crawl Stone Soup version 0.28-a0-1117-g0bdd5ba030 (webtiles) character file.

Game seed: 18338215143727881753

23 SensoryNuts the Slasher (level 2, -1/37 HPs)
             Began as a Draconian Gladiator on Dec 12, 2021.
             Was a Follower of the Shining One.
             Succumbed to Crazy Yiuf's poison
             ... on level 2 of the Dungeon.
             The game lasted 00:01:24 (1036 turns).

SensoryNuts the Slasher (Draconian Gladiator)       Turns: 1036, Time: 00:01:25

Health: -1/37      AC: 21    Str: 16    XL:     2   Next: 75%
Magic:  0/0        EV:  2    Int:  8    God:    the Shining One [*.....]
Gold:   21         SH:  0    Dex: 12    Spells: 1/1 levels left

rFire   . . .      SeeInvis .   l - +2 mace (antimagic)
rCold   . . .      Faith    .   (no shield)
rNeg    . . .      Spirit   .   (armour unavailable)
rPois   +          Reflect  .   (helmet currently unavailable)
rElec   .          Harm     .   (cloak currently unavailable)
rCorr   .          Rampage  .   (gloves currently unavailable)
Will    .....      NoTele   +   (boots currently unavailable)
Stlth   +.........              (no amulet)
HPRegen 0.12/turn               (no ring)
MPRegen 0.07/turn               (no ring)

@: lethally poisoned (-1 -> -21), tree-form, glowing
A: stationary, stasis, torment immunity, boosted hp, AC +4, unfitting armour,
(cold-blooded)
a: Renounce Religion, Divine Shield


You were on level 2 of the Dungeon.
You worshipped the Shining One.
The Shining One was aware of your devotion.
You were a tree.
You visited 1 branch of the dungeon, and saw 2 of its levels.

You collected 21 gold pieces.

Inventory:

Hand Weapons
 a - a +0 long sword
 h - a +1 mace of distortion
 i - a +0 mace of protection
 j - a +2 mace of holy wrath
 k - a +1 mace of protection
 l - a +2 antimagic mace (weapon)
 m - a +1 mace of draining
Missiles
 c - 3 throwing nets (quivered)
Armour
 b - a +0 hat (melded)
Scrolls
 d - a scroll of fear {unknown}
 g - a scroll of teleportation {unknown}
Potions
 e - a potion of lignification
 f - a potion of curing {unknown}


   Skills:
 + Level 2.3 Fighting
 + Level 3.3 Long Blades
 + Level 2.0 Throwing
 + Level 3.1 Dodging
 + Level 0.2 Stealth


You had one spell level left.
You didn't know any spells.
Your spell library was empty.

Dungeon Overview and Level Annotations

Branches:
Dungeon (2/15)

Altars:
The Shining One

Annotations:
D:2 Crazy Yiuf


Innate Abilities, Weirdness & Mutations

You are a tree.
Your roots penetrate the ground, keeping you stationary.
You cannot be teleported.
You are immune to unholy pain and torment.
Your maximum health is greatly increased.
Your equipment is partially melded.
((Your plain brown scales are hard. (AC +4)))
You cannot fit into any form of body armour.
((You are cold-blooded and may be slowed by cold attacks.))


Message History

You see here a +0 mace.
You see here a +0 mace.
You see here a +0 mace.
You see here a +2 antimagic mace.
l - a +2 antimagic mace
Found a mace.
You see here a +0 mace.
Found a mace.
You see here a +0 mace.
You see here a +0 mace.
You see here a +0 mace.
You see here a +1 mace of draining.
m - a +1 mace of draining You see here a +0 mace.
You see here a +0 mace.
You see here a +0 mace.
You see here a +0 mace.
You see here a +0 mace.
You see here a +0 mace.
You see here a +0 mace.
You see here a +0 mace.
You see here a +0 mace.
You feel magic leave you.
l - a +2 antimagic mace (weapon)
You open the door. You hit Crazy Yiuf but do no damage.
Crazy Yiuf hits you with a +2 quarterstaff of chaos!
You feel yourself slow down. Crazy Yiuf freezes you.
You hit Crazy Yiuf.
Crazy Yiuf is moderately wounded.
You feel yourself speed up. Crazy Yiuf misses you.
Crazy Yiuf hits you with a +2 quarterstaff of chaos!
* * * LOW HITPOINT WARNING * * *
You are lethally poisoned!
Crazy Yiuf says, "Crazy?
Crazy!?
PORCUPINE!"
Crazy Yiuf barely misses you.
It was a potion of lignification.
You turn into a tree.
Your +0 hat melds into your body.
Your roots penetrate the ground.
You die...

#....#
####..####
#).PP..))#
#)))..)))#
#))))))))##
#)))))).))#
#)))))))))#
#).)))))))#
#))))♣)).)#
##)##g##))#
##)#)))#).#
#))#)))#))#
#))#).)#.)#
#))#####)##
##)))))))#
#########


You could see Crazy Yiuf.

Vanquished Creatures
  4 ball pythons
  2 endoplasms (D:1)
  A goblin (D:1)
  A hobgoblin (D:1)
  2 jackals (D:1)
  4 kobolds (D:1)
  2 quokkas (D:1)
  A bat (D:1)
  3 frilled lizards (D:1)
  2 rats (D:1)
22 creatures vanquished.

Notes
Turn   | Place    | Note
-------+----------+-------------------------------------------
     0 | D:1      | SensoryNuts the Draconian Gladiator began the quest for the
                  | Orb.
     0 | D:1      | Reached XP level 1. HP: 17/17 MP: 1/1
     3 | D:1      | Noticed an electric eel
     4 | D:1      | Noticed an electric eel
   118 | D:1      | Found a faded altar of an unknown god.
   362 | D:1      | Reached XP level 2. HP: 24/24 MP: 2/2
   373 | D:1      | Prayed at the altar of an unknown god.
   373 | D:1      | Became a worshipper of the Shining One
   373 | D:1      | Reached * piety under the Shining One
   979 | D:2      | Found a runed translucent door.
   984 | D:2      | Noticed Crazy Yiuf
  1036 | D:2      | Succumbed to Crazy Yiuf's poison

Illustrated notes

Levels and vault maps discovered:
D:1:      arrival_aquarium_b, layout_loops_ring, ebering_ecumenical_altar_webs
D:2:      layout_basic, basic_altar, minivault_11, kennysheep_big_empty_room,
          uniq_natasha, uniq_crazy_yiuf_cottage

Skill      XL: |  1  2 |
---------------+-------+-----
Dodging        | 3 |  3.1
Throwing       | 2 |  2.0
Fighting       | |  2.3
Long Blades    | |  3.3
Stealth        | |  0.2

Action                   || total
-------------------------++-------
Melee: Long sword        ||    49
       Tailslap          ||     4
       Mace              ||     2
  Use: Potion            ||     1
Armor: Skin              ||    14
Dodge: Dodged            ||    29

Table legend: (Time is in decaauts)
 A = Elapsed time spent in this place.
 B = Non-inter-level travel time spent in this place.
 C = Inter-level travel time spent in this place.
 D = Time resting spent in this place.
 E = Time spent auto-exploring this place.
 F = Levels seen in this place.
 G = Mean time per level.
                   A        B        C        D        E       F      G
               +--------+--------+--------+--------+--------+-----+--------+
         Total |   1049 |   1049 |      0 |      0 |    799 |   2 |  524.5 |
       Dungeon |   1049 |   1049 |      0 |      0 |    799 |   2 |  524.5 |
               +--------+--------+--------+--------+--------+-----+--------+

Top non-repeatable levels by time:
     D:1: 892 daAuts
     D:2: 157 daAuts
